 Dungeon Crawl Stone Soup version 0.27-a0-1301-g128193abf8 (console) character file.

Game seed: 3779016003597559921

55472 jejorda2 the Fencer (level 14, -7/115 HPs)
             Began as a Merfolk Berserker on June 18, 2021.
             Was a High Priest of Trog.
             Mangled by an orc high priest (16 damage)
             ... on level 2 of the Orcish Mines.
             The game lasted 00:54:23 (22819 turns).

jejorda2 the Fencer (Merfolk Berserker)            Turns: 22819, Time: 00:54:27

Health: -7/115     AC: 21    Str: 26    XL:     14   Next: 77%
Magic:  14/14      EV: 11    Int:  6    God:    Trog [*****.]
Gold:   3567       SH:  0    Dex: 14    Spells: 13/13 levels left

rFire    + . .     SeeInvis +   a - +13 short sword {flame, +Blink SInv}
rCold    + . .     Faith    .   (no shield)
rNeg     . . .     Spirit   .   P - +1 chain mail {rPois}
rPois    +         Reflect  .   O - +1 helmet "Riuquq" {rElec Regen+ Str+4 Stlth+}
rElec    +         Harm     .   G - +2 cloak {rCorr}
rCorr    +         Rampage  .   L - +2 pair of gloves
Will     +++..                  H - +0 pair of boots
Stlth    ..........             l - amulet of the acrobat
HPRegen  2.29/turn              d - ring of protection from cold
MPRegen  0.14/turn              A - ring of protection from fire

@: strong-willed, regenerating
A: (nimble swimmer 2), mertail
a: Renounce Religion, Evoke Blink, Berserk, Trog's Hand, Brothers in Arms


You were on level 2 of the Orcish Mines.
You worshipped Trog.
Trog was extremely pleased with you.
You visited 3 branches of the dungeon, and saw 18 of its levels.
You also visited: Ossuary, Bailey and Volcano.

You collected 3567 gold pieces.

Inventory:

Hand Weapons
 a - the +13 short sword "Demonslayer" (weapon) {flame, +Blink SInv}
   (Trog gifted it to you on level 5 of the Lair of Beasts)

   It has been specially enchanted to burn those struck by it, causing extra
   injury to most foes and up to half again as much damage against particularly
   susceptible opponents.
   It lets you see invisible.
   It lets you blink.
 b - a +1 scimitar
 e - a +1 short sword of electrocution
Missiles
 k - 113 poisoned darts
 p - 5 boomerangs of dispersal
 u - 7 javelins
 z - 40 boomerangs (quivered)
 J - 4 curare-tipped darts
Armour
 G - a +2 cloak of preservation (worn)
 H - a +0 pair of boots (worn)
 L - a +2 pair of gloves (worn)
 O - the +1 helmet "Riuquq" (worn) {rElec Regen+ Str+4 Stlth+}
   (You found it on level 9 of the Dungeon)

   It affects your strength (+4).
   It insulates you from electricity.
   It increases your rate of health regeneration.
   It makes you more stealthy.
 P - a +1 chain mail of poison resistance (worn)
Jewellery
 c - a ring of positive energy
 d - a ring of protection from cold (left hand)
 l - an amulet of the acrobat (around neck)
 A - a ring of protection from fire (right hand)
 M - a ring of flight
Wands
 h - a wand of digging (3)
 j - a wand of charming (37)
 n - a wand of flame (60)
 w - a wand of acid (5)
 D - a wand of iceblast (18)
 F - a wand of paralysis (24)
Scrolls
 g - 4 scrolls of identify
 t - 2 scrolls of magic mapping
 x - 6 scrolls of teleportation
 y - 3 scrolls of fear
 N - 3 scrolls of fog
Potions
 f - 9 potions of might
 i - 8 potions of heal wounds
 m - 4 potions of lignification
 o - 5 potions of mutation
 q - 7 potions of curing
 r - 2 potions of haste
 s - 6 potions of invisibility
 v - 17 potions of ambrosia
 C - 2 potions of flight
 E - 2 potions of attraction
 I - 2 potions of resistance


   Skills:
 - Level 12.0 Fighting
 - Level 10.3(14.4) Short Blades
 - Level 15.1(16.0) Long Blades
 + Level 12.1 Throwing
 * Level 6.5 Armour
 + Level 6.7 Dodging
 - Level 6.0 Evocations


You had 13 spell levels left.
You didn't know any spells.
Your spell library was empty.

Dungeon Overview and Level Annotations

Branches:
Dungeon (11/15)            Temple (0/1) D:7            Lair (5/6) D:8
  Swamp (0/4) Lair:4       Spider (0/4) Lair:2        Slime (0/5) Lair:5
    Orc (2/2) D:9         Ossuary (visited)          Bailey (visited)
Volcano (visited)
    Elf: Orc:2

Altars:
Ashenzari
Elyvilon
Gozag
Hepliaklqana
Kikubaaqudgha
Ru
Uskayaw
Wu Jian

Shops:
Orc:2 **

Annotations:
D:9 Flight loot
Orc:1 3 runed translucent doors, Cinyl's ghost, journeyman DrGl


Innate Abilities, Weirdness & Mutations

((You are quick and stealthy near water. (Stealth+, EV+, Speed+++)))
Your lower body shifts to a powerful aquatic tail in water.


Message History

You feel much better.
A rust devil comes into view.
Your skin crawls.
You feel strong-willed. The smoke demon gestures at you. Beogh smites you!
The orc priest calls down the wrath of Beogh upon you.
Beogh smites you!
* * * LOW HITPOINT WARNING * * *
The orc knight hits you with a +3 war axe of electrocution!
* * * LOW HITPOINT WARNING * * *
You hear a shout!
Unknown command.
Aiming: Corrosive Bolt
Press: ? - help, Shift-Dir - straight line, f/p - orc high priest
Aim: an orc high priest, wielding a +2 glaive of distortion and wearing a +0 leather armour (strong, 67% to hit)
The bolt of acid misses the orc knight.
The bolt of acid hits the orc priest!!
The orc priest is splashed with acid.
The acid corrodes the orc priest!
You kill the orc priest!
Trog accepts your kill.
The bolt of acid hits the orc high priest!!
The orc high priest is splashed with acid.
The acid corrodes the orc high priest!
The orc high priest is heavily wounded.
Something misses your deep troll.
Something barely misses your deep troll.
Something hits your deep troll! Something shocks your deep troll!
Something hits your deep troll. Something shocks your deep troll!
Aiming: Corrosive Bolt
Press: ? - help, Shift-Dir - straight line, f/p - orc high priest
Aim: an orc high priest, wielding a +2 glaive of distortion and wearing a +0 leather armour (heavily wounded, strong, covered in acid, 67% to hit)
The bolt of acid hits the orc knight!
The orc knight is splashed with acid.
The acid corrodes the orc knight!
The orc knight is severely wounded.
The bolt of acid misses the orc high priest.
Your deep troll rages.
The orc high priest hits you from afar with a +2 glaive of distortion!
* * * LOW HITPOINT WARNING * * *
Space warps horribly around you!
You die...

#))#)#.....#.#.[###..............
.)##))..#)...##..###.o...........
.###...###...###[[###............
###...## ##...###..###...........
##...## ##.).###..##...........
#.).## ##...###..............
...## ##...###............. #.#
##.#.###........... .#
##@..###......... # #o#T##
.........


#oo ## ......... #3.. ......... #.4.# .......... #...# ....# .#.# You could see
2 orc knights, an orc high priest (strong, corroded), a rust devil, a smoke
demon (summoned) and a friendly deep troll (summoned, berserk).

Vanquished Creatures
  Snorg (Orc:1)
  A fire dragon (Volcano)
  2 hydras
  Fannar (Lair:1)
  3 boulder beetles
  A two-headed ogre (D:9)
  A hell hog (Volcano)
  2 orc high priests
  Sonja (Lair:4)
  6 lindwurms
  3 orc knights
  4 orc sorcerers
  An ugly thing (D:11)
  A will-o-the-wisp (Lair:4)
  3 oklob plants
  4 elephants (Lair:5)
  A manticore (D:11)
  A smoke demon (Orc:2)
  Maurice (D:8)
  4 black mambas (Lair:5)
  7 cane toads
  A gargoyle (D:11)
  2 molten gargoyles (Volcano)
  2 rime drakes
  5 komodo dragons
  A hellwing (Orc:2)
  2 queen bees
  3 meliai (Lair:5)
  4 polar bears
  A troll (Orc:1)
  3 jumping spiders (Lair:2)
  A hornet (D:8)
  37 blink frogs
  Grinder (D:6)
  A meliai zombie (D:11)
  2 redbacks (Lair:2)
  21 yaks
  9 wyverns
  6 fire bats (Volcano)
  4 basilisks
  2 vampire mosquitoes (D:11)
  A chaos spawn (Orc:2)
  A warg (Orc:1)
  2 steam dragons
  12 water moccasins
  An acid dragon (D:10)
  3 hell hounds (Volcano)
  29 orc warriors
  A sky beast (D:8)
  3 black bears
  3 ice beasts
  5 ogres
  A necrophage (D:7)
  8 wolves (Lair:5)
  5 centaurs
  2 phantoms (D:4)
  A kobold brigand (D:7)
  Blork the orc (D:6)
  14 bullfrogs
  2 elf zombies (Ossuary)
  2 scorpions
  66 killer bees
  5 wights (D:6)
  An electric eel (Lair:3)
  4 howler monkeys
  6 centaur zombies
  4 lava snakes (Volcano)
  24 orc priests
  A human zombie (Ossuary)
  A bullfrog skeleton (D:6)
  3 jellies
  A gnoll shaman (D:8)
  A hound (D:4)
  Natasha (thrice) (D:2)
  An iguana (D:4)
  4 orc wizards
  5 hell rats (Lair:5)
  2 mummies (Ossuary)
  4 gnolls (D:8)
  A howler monkey zombie (D:11)
  6 adders
  A howler monkey skeleton (D:3)
  2 shadow imps (D:7)
  2 white imps
  2 ufetubi
  2 worms
  3 dart slugs
  58 orcs
  8 endoplasms
  2 giant cockroaches
  12 hobgoblins
  12 jackals
  7 quokkas
  9 ball pythons
  3 bats
  6 frilled lizards
  14 goblins
  2 goblin zombies (Ossuary)
  10 hobgoblin zombies (Ossuary)
  A jackal skeleton (D:3)
  A jackal zombie (Ossuary)
  15 kobolds
  5 kobold zombies (Ossuary)
  12 orc zombies (Ossuary)
  A quokka zombie (D:7)
  3 rats
  3 rat zombies
593 creatures vanquished.

Vanquished Creatures (collateral kills)
  2 oklob plants (Lair:5)
  2 yaks (Lair:1)
  2 orc warriors (Bailey)
  A killer bee (Lair:5)
7 creatures vanquished.

Vanquished Creatures (others)
  An orc knight (Bailey)
  6 foxfires (Lair:4)
  29 fungi
  39 plants
75 creatures vanquished.

Grand Total: 675 creatures vanquished

Notes
Turn   | Place    | Note
-------+----------+-------------------------------------------
     0 | D:1      | jejorda2 the Merfolk Berserker began the quest for the Orb.
     0 | D:1      | Reached XP level 1. HP: 18/18 MP: 1/1
   426 | D:1      | Reached XP level 2. HP: 24/24 MP: 2/2
   992 | D:1      | You fall into a shaft and drop 1 floor!
  1093 | D:1      | Reached skill level 4 in Long Blades
  1093 | D:1      | Reached XP level 3. HP: 29/29 MP: 3/3
  1939 | D:2      | Reached ** piety under Trog
  2086 | D:2      | Found a faded altar of an unknown god.
  2197 | D:2      | Noticed Natasha
  2211 | D:2      | Killed Natasha
  2212 | D:2      | Reached XP level 4. HP: 7/37 MP: 4/4
  2666 | D:2      | Noticed Natasha
  2682 | D:2      | Killed Natasha
  2856 | D:2      | Noticed Natasha
  2868 | D:2      | Killed Natasha
  2869 | D:2      | Reached skill level 5 in Long Blades
  2869 | D:2      | Reached XP level 5. HP: 18/42 MP: 5/5
  3985 | D:4      | Reached skill level 1 in Short Blades
  4142 | D:4      | Reached XP level 6. HP: 49/49 MP: 6/6
  4638 | D:4      | Reached skill level 5 in Fighting
  4691 | D:4      | Noticed a black bear
  4698 | D:4      | Killed a black bear
  4699 | D:4      | Reached skill level 6 in Long Blades
  4699 | D:4      | Reached XP level 7. HP: 51/56 MP: 7/7
  4786 | D:4      | Found a sacrificial altar of Ru.
  5306 | D:5      | Entered Level 5 of the Dungeon
  5314 | D:5      | Reached XP level 8. HP: 64/64 MP: 8/8
  5587 | D:5      | Reached *** piety under Trog
  5760 | D:5      | Identified the +1 hand axe of Hatred {holy, Stlth+}
  5785 | D:5      | Reached skill level 7 in Long Blades
  6319 | D:6      | Reached skill level 5 in Short Blades
  6319 | D:6      | Noticed Grinder
  6321 | D:6      | Paralysed by Grinder for 6 turns
  6335 | D:6      | Killed Grinder
  6862 | D:6      | Reached XP level 9. HP: 53/69 MP: 9/9
  7108 | D:6      | Found a broken altar of Ashenzari.
  7128 | D:6      | Reached skill level 8 in Long Blades
  7383 | D:6      | Identified the +7 hand axe of Liti {flame, rN+ Int+4 Dex+3}
  7438 | D:6      | Noticed Blork the orc
  7448 | D:6      | Killed Blork the orc
  7489 | D:6      | Found an opulent altar of Gozag.
  7489 | D:6      | Found a white marble altar of Elyvilon.
  7490 | D:6      | Found an ancient bone altar of Kikubaaqudgha.
  7568 | D:6      | Reached skill level 5 in Armour
  7766 | D:7      | Found a sand-covered staircase.
  7854 | Ossuary  | Entered an ossuary
  7947 | Ossuary  | Reached **** piety under Trog
  8666 | D:7      | Found a staircase to the Ecumenical Temple.
  9607 | D:8      | Reached skill level 9 in Long Blades
  9615 | D:8      | Reached XP level 10. HP: 76/76 MP: 10/10
  9624 | D:8      | Found a staircase to the Lair.
 10103 | D:8      | Reached skill level 10 in Short Blades
 10408 | D:8      | Reached skill level 1 in Throwing
 10757 | D:8      | Noticed Maurice
 10774 | D:8      | Killed Maurice
 11059 | D:8      | Reached skill level 10 in Long Blades
 11059 | D:8      | Reached skill level 5 in Dodging
 11489 | D:9      | Noticed a two-headed ogre
 11499 | D:9      | Killed a two-headed ogre
 11500 | D:9      | Reached skill level 5 in Throwing
 11500 | D:9      | Reached XP level 11. HP: 62/81 MP: 11/11
 11508 | D:9      | Reached ***** piety under Trog
 11578 | D:9      | Found a flagged portal.
 11675 | Bailey   | Entered a bailey
 11675 | Bailey   | Noticed an orc knight
 12433 | Bailey   | Noticed an orc knight
 12443 | Bailey   | Killed an orc knight
 13117 | D:9      | Noticed a lindwurm
 13117 | D:9      | Noticed a lindwurm
 13204 | D:9      | Found a staircase to the Orcish Mines.
 13307 | D:9      | Found a hazy altar of Hepliaklqana.
 13440 | D:10     | Entered Level 10 of the Dungeon
 13593 | D:10     | Identified a scroll of acquirement
 13593 | D:10     | Acquired 1122 gold pieces
 14493 | D:11     | Reached skill level 11 in Long Blades
 14644 | D:11     | Noticed a manticore
 14657 | D:11     | Killed a manticore
 14717 | D:11     | Noticed a green ugly thing
 14732 | D:11     | Killed a green ugly thing
 15257 | D:9      | Noticed a lindwurm
 15257 | D:9      | Noticed a lindwurm
 15274 | D:9      | Killed a lindwurm
 15280 | D:9      | Killed a lindwurm
 15288 | D:9      | Killed a lindwurm
 15289 | D:9      | Reached XP level 12. HP: 93/93 MP: 12/12
 15304 | D:9      | Identified the +1 helmet "Riuquq" {rElec Regen+ Str+4
                  | Stlth+}
 15439 | Lair:1   | Entered Level 1 of the Lair of Beasts
 15485 | Lair:1   | Received a gift from Trog
 15623 | Lair:1   | Reached skill level 12 in Long Blades
 15779 | Lair:1   | Noticed Fannar
 15789 | Lair:1   | Killed Fannar
 16174 | Lair:2   | Reached skill level 1 in Evocations
 16233 | Lair:2   | Identified Kofikk's Foundations of Witchcraft
 16527 | Lair:2   | Found a hole to the Spider Nest.
 16546 | Lair:2   | Reached skill level 10 in Fighting
 17014 | Lair:3   | Reached XP level 13. HP: 103/103 MP: 13/13
 17255 | Lair:3   | Reached skill level 13 in Long Blades
 17536 | Lair:3   | You fall into a shaft and drop 2 floors!
 17554 | Lair:5   | Found a dark tunnel.
 17564 | Volcano  | Entered a volcano
 17779 | Volcano  | Found a radiant altar of Vehumet.
 17828 | Volcano  | Noticed a fire dragon
 17841 | Volcano  | Killed a fire dragon
 17979 | Volcano  | Reached skill level 10 in Throwing
 18166 | Lair:5   | HP: 6/157 [poisoned by a black mamba]
 18167 | Lair:5   | HP: 2/105 [poisoned by a black mamba]
 18346 | Lair:5   | Reached skill level 5 in Evocations
 18896 | Lair:5   | Identified the +13 short sword "Demonslayer" {flame, +Blink
                  | SInv} (Trog gifted it to you on level 5 of the Lair of
                  | Beasts)
 18896 | Lair:5   | Received a gift from Trog
 19085 | Lair:5   | Reached skill level 14 in Long Blades
 19085 | Lair:5   | Reached XP level 14. HP: 95/110 MP: 14/14
 19097 | Lair:5   | Found an ornate altar of the Wu Jian Council.
 19098 | Lair:5   | Found a hide-covered altar of Uskayaw.
 19515 | Lair:5   | Found a staircase to the Slime Pits.
 19736 | Lair:5   | Identified the +10 scimitar of Righteous Anger {vorpal,
                  | *Corrode *Slow rF+++ Stlth+}
 19742 | Lair:5   | Identified the +6 spear of the Moth {venom, rPois Dex+4}
 19747 | Lair:5   | Identified the ring of Bueggur {rC- rN+ rCorr Dex+2 SInv}
 19801 | Lair:4   | Found a staircase to the Swamp.
 20182 | Lair:4   | Noticed Sonja
 20190 | Lair:4   | Killed Sonja
 21258 | Orc:1    | Entered Level 1 of the Orcish Mines
 21599 | Orc:1    | Found a runed translucent gate.
 21601 | Orc:1    | Found a runed translucent gate.
 21602 | Orc:1    | Found a runed translucent gate.
 21615 | Orc:1    | Noticed Cinyl's ghost (journeyman DrGl)
 21616 | Orc:1    | Noticed Snorg
 21636 | Orc:1    | Killed Snorg
 21637 | Orc:1    | Reached skill level 15 in Long Blades
 21714 | Orc:1    | Identified the +9 rapier of Ruopsytu {vorpal, Dex+3} (Trog
                  | gifted it to you on level 1 of the Orcish Mines)
 21714 | Orc:1    | Received a gift from Trog
 21962 | Orc:2    | Entered Level 2 of the Orcish Mines
 22646 | Orc:2    | Found Idosi's General Store.
 22649 | Orc:2    | Found Mogureta's General Store.
 22819 | Orc:2    | Mangled by an orc high priest

Illustrated notes

Levels and vault maps discovered:
D:1:      heliophobic_arrival_glass_houses, layout_basic
D:2:      layout_basic, hellmonk_ecumenical_altar_leap_of_faith, minivault_11,
          minmay_parallelograms, uniq_natasha
D:3:      minmay_bubble_buster, layout_basic, kennysheep_generic_room_12
D:4:      layout_cave_pools, nicolae_overflow_crystal_walls,
          minmay_divided_ellipse
D:5:      layout_basic
D:6:      layout_basic, kennysheep_little_box, minitemple, uniq_blork_the_orc,
          uniq_grinder
D:7:      layout_loops_cross, minmay_temple_entry_overgrown, enter_ossuary_4
D:8:      layout_loops_ring, minmay_lair_entry_grove, uniq_maurice
D:9:      layout_small_grid, nicolae_hepliaklqana_hazy_memory, orc_0_dummy,
          enter_bailey_4, minmay_lindwurm_lava
D:10:     layout_loops_ring, corner_web_ring
D:11:     layout_loops_ring
Lair:1:   layout_misc_corridors, uniq_fannar
Lair:2:   layout_misc_corridors, spider_nest_entry_funnel_web,
          minmay_lair_oklob_items, lemuel_old_faithful
Lair:3:   layout_roguey [special_room_bee], gammafunk_lair_bear_cave
Lair:4:   layout_long_grid, minmay_swamp_entry_wisps, grunt_megastairs_3,
          uniq_sonja
Lair:5:   hangedman_what_comes_after_a, layout_cellular_growth, slime_dummy,
          nicolae_volcano_entry_vermiform, serial_bayou_pond_c,
          nzn_masters_of_martial_movement, lemuel_fruit_fields
Orc:1:    layout_caves, ebering_ghost_rock_garden, uniq_snorg
Orc:2:    pf_orc_diabolical, layout_diamond_mine

Skill      XL: |  1  2  3  4  5  6  7  8  9 10 11 12 13 14 |
---------------+-------------------------------------------+-----
Long Blades    | 4 5 6 7 9 10 11 12 14 15 | 15.1
Armour         | 2 3 4 5 6 |  6.5
Fighting       | 4 5 6 8 10 11 12 | 12.0
Short Blades   | 1 2 3 6 9 10 | 10.3
Dodging        | 5 6 |  6.7
Throwing       | 5 7 9 10 12 | 12.1
Evocations     | 3 6 |  6.0

Action                   |  1- 3 |  4- 6 |  7- 9 | 10-12 | 13-15 || total
-------------------------+-------+-------+-------+-------+-------++-------
Melee: Falchion          |   115 |    58 |       |    39 |       ||   212
       Short sword       |       |   126 |   446 |   714 |  1015 ||  2301
       Tailslap          |       |       |       |     4 |       ||     4
       Scimitar          |       |       |       |       |    52 ||    52
Throw: Dart              |     4 |       |       |    35 |   156 ||   195
       Boomerang         |       |       |       |    23 |    41 ||    64
       Javelin           |       |       |       |     1 |       ||     1
Invok: Berserk           |     1 |     2 |     6 |    14 |     9 ||    32
       Trog's Hand       |     1 |       |     2 |     4 |     2 ||     9
       Brothers in Arms  |       |       |       |     3 |     4 ||     7
Evoke: Wand              |       |       |       |     6 |     4 ||    10
  Use: Scroll            |       |       |    20 |    10 |     3 ||    33
       Potion            |       |       |       |       |     4 ||     4
 Stab: Sleeping          |     1 |       |       |       |       ||     1
       Paralysed         |       |       |       |     2 |     1 ||     3
Armor: Animal skin       |     8 |       |       |       |       ||     8
       Ring mail         |    15 |    50 |       |       |       ||    65
       Scale mail        |       |    14 |     4 |       |       ||    18
       Chain mail        |       |       |   181 |   287 |   417 ||   885
Dodge: Dodged            |    80 |   114 |   164 |   355 |   453 ||  1166
       Rpst.: Falchion   |    25 |    11 |       |     2 |       ||    38
       Scimitar          |       |       |       |       |     4 ||     4

Table legend: (Time is in decaauts)
 A = Elapsed time spent in this place.
 B = Non-inter-level travel time spent in this place.
 C = Inter-level travel time spent in this place.
 D = Time resting spent in this place.
 E = Time spent auto-exploring this place.
 F = Levels seen in this place.
 G = Mean time per level.
                   A        B        C        D        E       F      G
               +--------+--------+--------+--------+--------+-----+--------+
         Total |  21956 |  21067 |    889 |   1442 |  15761 |  21 | 1045.5 |
       Dungeon |  13871 |  13330 |    541 |    583 |  10985 |  11 | 1261.0 |
          Lair |   4728 |   4488 |    240 |    120 |   3292 |   5 |  945.6 |
  Orcish Mines |   1368 |   1262 |    106 |     27 |    848 |   2 |  684.0 |
       Ossuary |    384 |    384 |      0 |     24 |    218 |   1 |  384.0 |
        Bailey |   1161 |   1161 |      0 |    647 |    321 |   1 | 1161.0 |
       Volcano |    442 |    442 |      0 |     39 |     96 |   1 |  442.0 |
               +--------+--------+--------+--------+--------+-----+--------+

Top non-repeatable levels by time:
     D:7: 2165 daAuts
     D:1: 1745 daAuts
     D:4: 1610 daAuts
  Lair:5: 1561 daAuts
     D:2: 1401 daAuts
     D:6: 1400 daAuts
  Bailey: 1161 daAuts
     D:8: 1141 daAuts
  Lair:3: 1140 daAuts
     D:9: 1060 daAuts
     D:3: 1052 daAuts
    D:11: 1004 daAuts
  Lair:2: 834 daAuts
    D:10: 722 daAuts
   Orc:1: 708 daAuts
